 Dungeon Crawl Stone Soup version 0.29.1-1-gd02db6906a (webtiles) character file.

Game seed: 5828645373128050053

65060 unlimited1921 the Eclecticist (level 15, -2/90 HPs)
             Began as a Djinni Fire Elementalist on Oct 21, 2022.
             Was a Priest of Jiyva.
             Killed from afar by Lodul (32 damage)
             ... with a bolt of lightning
             ... on level 12 of the Dungeon on Oct 22, 2022.
             The game lasted 02:59:27 (29709 turns).

unlimited1921 the Eclecticist (DjFE)               Turns: 29709, Time: 02:59:27

Health: -2/90      AC: 13    Str:  3    XL:     15   Next: 56%
Gold:   1375       EV: 13    Int: 34    God:    Jiyva [***...] SH: 18 Dex: 22

rFire   + + .      SeeInvis .   F - +1 war axe (vorpal)
rCold   x . .      Faith    .   a - +0 kite shield
rNeg    . . .      Spirit   .   U - +2 troll leather armour
rPois   ∞          Reflect  +   (no helmet)
rElec   .          Harm     .   O - +0 cloak
rCorr   +          Rampage  .   g - +0 pair of gloves
Will    +....                   (boots unavailable)
Stlth   ++++......              A - amulet of reflection
HPRegen 2.17/turn               e - +6 ring of intelligence
MPRegen 0.00/turn               H - +4 ring of protection

@: flying
A: sickness immunity, fire resistance 2, cold vulnerability 1, float, innate
caster, HP casting, extra vitality 1, agile 2, clever 2
a: Renounce Religion, Oozemancy


You were on level 12 of the Dungeon.
You worshipped Jiyva.
Jiyva was most pleased with you.
You visited 4 branches of the dungeon, and saw 19 of its levels.
You also visited: Ossuary.

You collected 1445 gold pieces.
You spent 70 gold pieces at shops.

Inventory:

Hand Weapons
 y - the +6 quarterstaff of Imbalance {vorpal, Fragile rC+ rN+ Str+3}
   (You found it on level 9 of the Dungeon)

   It inflicts extra damage upon your enemies.
   Str:       It affects your strength (+3).
   rC:        It protects you from cold.
   rN:        It protects you from negative energy.
   Fragile:   It will be destroyed if unequipped.
 F - a +1 vorpal war axe (weapon)
 J - a +2 whip of flaming
 L - a +5 long sword of freezing
 S - a +1 demon whip of venom
 Z - a +2 hand axe of venom
Missiles
 z - 27 poisoned darts
 B - 5 silver boomerangs
 Y - 3 silver javelins
Armour
 a - a +0 kite shield (worn)
 g - a +0 pair of gloves (worn)
 G - +0 acid dragon scales
 I - a +2 chain mail of cold resistance
 O - a +0 cloak (worn)
 U - a +2 troll leather armour (worn)
Jewellery
 e - a +6 ring of intelligence (left hand)
 h - a +6 ring of intelligence
 r - a +4 ring of evasion
 A - an amulet of reflection (around neck)
 C - an amulet of faith
 H - a +4 ring of protection (right hand)
Wands
 q - a wand of flame (1)
 v - a wand of digging (15)
 x - a wand of roots (17) (quivered)
 E - a wand of mindburst (27)
 R - a wand of polymorph (6)
Scrolls
 c - 3 scrolls of enchant weapon
 i - 2 scrolls of fear
 j - 2 scrolls of fog
 m - 6 scrolls of teleportation
 n - 4 scrolls of blinking {unknown}
 o - 3 scrolls of magic mapping
 s - 4 scrolls of noise {unknown}
 w - 4 scrolls of poison
 K - 2 scrolls of vulnerability {unknown}
 M - a scroll of summoning
 T - a scroll of brand weapon
 W - 2 scrolls of silence
Potions
 b - 2 potions of lignification
 d - 3 potions of mutation
 f - 2 potions of attraction {unknown}
 k - a potion of heal wounds
 l - 4 potions of might
 p - 14 potions of curing
 u - a potion of haste
 D - 4 potions of brilliance
 P - 2 potions of cancellation {unknown}
 V - a potion of resistance
Miscellaneous
 t - a phantom mirror


   Skills:
 + Level 2.6 Fighting
 + Level 2.5 Axes
 + Level 0.3 Staves
 + Level 5.2 Armour
 + Level 5.8 Dodging
 * Level 9.3 Stealth
 * Level 9.0 Shields
 + Level 16.4 Spellcasting
 + Level 2.4 Evocations


You had 7 spell levels left.
You knew the following spells:

 Your Spells              Type           Power      Damage    Failure   Level
a - Foxfire               Conj/Fire      100%       2x1d9     0%          1
b - Scorch                Fire           100%       2d10      0%          2
c - Conjure Flame         Conj/Fire      96%        6-21      1%          3
d - Inner Flame           Hex/Fire       96%        N/A       1%          3
e - Flame Wave            Conj/Fire      96%        2d20      1%          4
f - Necrotise             Necr           100%       1d9       0%          1
g - Poisonous Vapours     Pois/Air       100%       N/A       0%          2
h - Portal Projectile     Hex/Tloc       100%       N/A       1%          3
i - Summon Ice Beast      Ice/Summ       96%        N/A       1%          4
j - Manifold Assault      Tloc           96%        N/A       1%          5
k - Freezing Cloud        Conj/Ice/Air   48%        6-21      1%          5
l - Eringya's Noxious Bo  Tmut/Pois      48%        N/A       1%          6
Your spell library was empty.

Dungeon Overview and Level Annotations

Branches:
Dungeon (12/15)            Temple (1/1) D:5            Lair (5/5) D:9
  Swamp (0/4) Lair:3        Snake (0/4) Lair:3        Slime (1/5) Lair:5
    Orc (0/2) D:10        Ossuary (visited)

Altars:
Ashenzari
Cheibriados
Dithmenos
Elyvilon
Fedhas
Gozag
Hepliaklqana
Makhleb
Nemelex Xobeh
Okawaru
Qazlal
Ru
Trog
Uskayaw
Wu Jian
Xom
Yredelemnul
Zin
The Shining One
Jiyva

Shops:
D:4 *   D:8 *

Annotations:
D:12 Lodul


Innate Abilities, Weirdness & Mutations

You are immune to sickness and miasma.
You are immune to poison.
Your flesh is very heat resistant. (rF++)
You are vulnerable to cold. (rC-)
You float through the air rather than walking.
You learn spells naturally, not from books.
Your magical power is your life essence.
You have superior vitality. (+4 MHP)
You are very agile. (Dex +8, Str/Int -2)
Your mind is very acute. (Int +8, Str/Dex -2)


Message History

The boulder beetle looks as sick as possible!
Flame seeps out of the ogre.
The boulder beetle is no longer more vulnerable to fire.
The boulder beetle curls into a ball and begins rolling!
The ogre is engulfed in freezing vapours.
The ogre explodes!
You hear a sizzling sound! x3
Your ice beast hits the boulder beetle but does no damage.
You hear a shout!
Casting: Poisonous Vapours (safe; 0% risk of failure)
Confirm with . or Enter, or press ? or * to list all spells.
Aiming: Poisonous Vapours (safe; 0% risk of failure)
Press: ? - help, Dir - move target, f/p - boulder beetle
Aim: a boulder beetle (almost dead, rolling, extremely poisoned, ally target) Poisonous vapours surround the boulder beetle!
The boulder beetle looks as sick as possible!
The boulder beetle hits you!!!
The boulder beetle stops rolling and uncurls.
Lodul is engulfed in blazing flames.
The kobold brigand throws a curare-tipped dart.
The curare-tipped dart hits you.
Your ice beast barely misses the boulder beetle.
You hear a shout! x2
An ogre comes into view. It is wielding a +0 giant club.
You block the boulder beetle's attack.
Your ice beast hits the boulder beetle but does no damage.
The boulder beetle attacks as you move away!
The boulder beetle bites you!!
* * * LOW HITPOINT WARNING * * *
Electricity crackles from Lodul's apparatus.
The bolt of lightning hits you!!
* * * LOW HITPOINT WARNING * * *
The kobold demonologist casts a spell.
The boulder beetle curls into a ball and begins rolling!
Your ice beast hits the boulder beetle but does no damage.
You feel much better.
You kill the boulder beetle!
Electricity crackles from Lodul's apparatus.
The bolt of lightning hits you!!
You die...

#..# ### #....... #...##..
..# #...##.# ..). #...##.#
.)) #######....#.# K)#
......#..#.#.######..# #
..................#§.#O#.O
##.#..........@.§K§OK..
####.#.###.#....Y.#!)###.#
................†.§..§.>.#
##.###.###...........##.##
#..........########.#
#.....####.##. .#
#............. #
#....#.###.##. #.)..#.#


You could see Lodul, a kobold demonologist, a kobold brigand, an ogre and a
friendly ice beast (summoned).

Vanquished Creatures
  A fire dragon (Lair:5)
  3 hydras
  2 boulder beetles
  A two-headed ogre (D:6)
  13 death yaks
  Amaemon (Lair:2)
  Nergalle (D:12)
  Pikel (D:7)
  A lindwurm (Lair:5)
  An ugly thing (D:8)
  3 cyclopes
  2 elephants (Lair:5)
  5 black mambas
  A gargoyle (D:9)
  5 torpor snails (Lair:5)
  An orange demon (Lair:2)
  Maggie (D:7)
  6 cane toads
  A rime drake (Lair:2)
  A freezing wraith (D:11)
  9 komodo dragons
  2 kobold demonologists (D:12)
  3 tyrant leeches (Lair:5)
  14 blink frogs
  A troll (D:10)
  12 polar bears
  Grinder (D:3)
  6 raiju (Lair:5)
  7 hornets
  3 dream sheep (Lair:5)
  A shadow (D:11)
  4 wraiths
  54 yaks
  2 fire bats (Lair:1)
  3 basilisks
  5 wyverns
  2 vampire mosquitoes (D:10)
  Menkaure (D:7)
  5 wargs
  An acid dragon (D:11)
  10 water moccasins
  9 hell hounds (Lair:5)
  5 orc warriors
  12 black bears
  3 ogres (D:12)
  18 wolves
  A phantom (D:5)
  2 centaurs
  3 lemures (D:7)
  A kobold brigand (D:9)
  2 elf zombies (Ossuary)
  3 gnoll sergeants
  A scorpion (shapeshifter) (D:11)
  5 scorpions
  9 bullfrogs
  11 wights
  9 killer bees (D:7)
  2 howler monkeys
  8 electric eels
  2 gnoll boudas
  4 orc priests
  2 hounds
  7 jellies (Lair:5)
  2 iguanas
  Jessica (D:3)
  9 orc wizards
  2 hound zombies (D:4)
  A howler monkey zombie (D:4)
  2 mummies
  19 gnolls
  10 adders
  2 shadow imps
  An ufetubus (D:5)
  An adder skeleton (D:4)
  4 adder zombies
  3 worms
  3 dart slugs
  28 orcs
  3 bats
  9 endoplasms
  A giant cockroach (D:4)
  11 goblins
  5 hobgoblins
  4 jackals (D:1)
  6 quokkas
  10 ball pythons
  2 frilled lizards
  12 hobgoblin zombies
  3 jackal zombies (Ossuary)
  17 kobolds
  5 kobold zombies (Ossuary)
  11 orc zombies
  A quokka skeleton (D:4)
  5 rats
  2 rat zombies (Ossuary)
  A bush (Lair:1)
512 creatures vanquished.

Vanquished Creatures (collateral kills)
  6 hydras
  A boulder beetle (Lair:5)
  2 death yaks (Lair:5)
  A lindwurm (Lair:4)
  3 elephants (Lair:5)
  2 cane toads (Lair:5)
  A torpor snail (Lair:5)
  A rime drake (Lair:3)
  3 komodo dragons
  A tyrant leech (Lair:5)
  2 blink frogs
  A polar bear (Lair:5)
  A hornet (Lair:5)
  A dream sheep (Lair:5)
  3 fire bats (Lair:1)
  4 yaks
  A basilisk (Lair:1)
  A warg (Lair:5)
  2 water moccasins
  2 hell hounds (Lair:5)
  A black bear (Lair:3)
  5 wolves (Lair:5)
  A killer bee (D:7)
  A lava snake (Lair:1)
  A hound (D:6)
  Crazy Yiuf (D:7)
  A mummy (Ossuary)
  2 orcs
  A hobgoblin zombie (Ossuary)
  A rat zombie (Ossuary)
  4 foxfires
58 creatures vanquished.

Vanquished Creatures (others)
  A deep elf pyromancer (D:12)
  A cane toad (Lair:5)
  A blink frog (Lair:5)
  An acid dragon (D:12)
  A kobold brigand (D:12)
  A killer bee (D:11)
  34 jellies
  An orc wizard (D:12)
  2 orcs (D:12)
  748 foxfires
  44 fungi
  74 plants
909 creatures vanquished.

Grand Total: 1479 creatures vanquished

Notes
Turn   | Place    | Note
-------+----------+-------------------------------------------
     0 | D:1      | unlimited1921 the Djinni Fire Elementalist began the quest
                  | for the Orb.
     0 | D:1      | unlimited1921 set off with the following spells memorised:
                  | Foxfire, Scorch, Conjure Flame, Inner Flame, Flame Wave.
     0 | D:1      | Reached XP level 1. HP: 15/15 MP: 0/0
    54 | D:1      | Found a faded altar of an unknown god.
   806 | D:1      | Reached XP level 2. HP: 18/21 MP: 0/0
  1589 | D:1      | Reached skill level 3 in Spellcasting
  1589 | D:1      | Reached XP level 3. HP: 21/25 MP: 0/0
  1589 | D:1      | Learned a level 1 spell: Necrotise
  2335 | D:2      | Reached XP level 4. HP: 10/31 MP: 0/0
  3612 | D:2      | Reached skill level 4 in Spellcasting
  3612 | D:2      | Reached XP level 5. HP: 23/35 MP: 0/0
  3612 | D:2      | Learned a level 2 spell: Poisonous Vapours
  5218 | D:3      | Noticed Jessica
  5222 | D:3      | Killed Jessica
  5222 | D:3      | Noticed Grinder
  5223 | D:3      | Reached XP level 6. HP: 34/40 MP: 0/0
  5248 | D:3      | Killed Grinder
  5249 | D:3      | Reached skill level 5 in Spellcasting
  5249 | D:3      | Reached XP level 7. HP: 10/45 MP: 0/0
  5249 | D:3      | Learned a level 3 spell: Portal Projectile
  7388 | D:4      | HP: 2/45 [spore (7)]
  7926 | D:4      | Found Ikyotyej's General Store.
  7929 | D:4      | Bought a scroll of identify for 28 gold pieces
  7929 | D:4      | Bought a potion of curing for 42 gold pieces
  8370 | D:4      | Reached skill level 6 in Spellcasting
  8679 | D:5      | Entered Level 5 of the Dungeon
  8696 | D:5      | Reached XP level 8. HP: 48/51 MP: 0/0
  9250 | D:5      | Reached skill level 1 in Evocations
 10308 | D:5      | Found a staircase to the Ecumenical Temple.
 10318 | Temple   | Entered the Ecumenical Temple
 10486 | Temple   | Became a worshipper of the Shining One
 10678 | D:6      | Found a snail-covered altar of Cheibriados.
 10678 | D:6      | Noticed a torpor snail
 10684 | D:6      | Noticed a two-headed ogre
 10696 | D:6      | Killed a two-headed ogre
 10697 | D:6      | Reached skill level 1 in Fighting
 10697 | D:6      | Reached skill level 7 in Spellcasting
 10697 | D:6      | Reached XP level 9. HP: 50/57 MP: 0/0
 10697 | D:6      | Learned a level 4 spell: Summon Ice Beast
 10774 | D:6      | HP: 1/57 [centaur/arrow (15)]
 11143 | D:6      | Found a white marble altar of Elyvilon.
 11226 | D:6      | Was placed under penance by the Shining One
 11851 | D:6      | Noticed a cyclops
 11856 | D:6      | Killed a cyclops
 11857 | D:6      | Reached skill level 1 in Armour
 11857 | D:6      | Reached skill level 8 in Spellcasting
 11999 | D:7      | Noticed Maggie
 12007 | D:7      | Killed Maggie
 12007 | D:7      | Fell from the grace of the Shining One
 12197 | D:7      | Noticed a hornet
 12201 | D:7      | Killed a hornet
 12202 | D:7      | Reached skill level 9 in Spellcasting
 12202 | D:7      | Reached XP level 10. HP: 44/62 MP: 0/0
 12729 | D:7      | Found a runed translucent door.
 12730 | D:7      | Noticed Crazy Yiuf
 12851 | D:7      | Noticed Pikel
 12866 | D:7      | Killed Pikel
 13177 | D:7      | Noticed Menkaure
 13181 | D:7      | Killed Menkaure
 13352 | D:7      | Reached skill level 10 in Spellcasting
 13941 | D:7      | Killed Crazy Yiuf
 14095 | D:8      | Noticed a brown ugly thing
 14104 | D:8      | Killed a brown ugly thing
 14435 | D:8      | Found a sand-covered staircase.
 14443 | Ossuary  | Entered an ossuary
 15464 | D:8      | Found Vidupsad's Gadget Gallery.
 15622 | D:8      | Found a glowing silver altar of Zin.
 15685 | D:8      | Found a shimmering altar of Xom.
 15694 | D:8      | Found a broken altar of Ashenzari.
 16132 | D:9      | Found a staircase to the Lair.
 16239 | D:9      | Reached XP level 11. HP: 56/68 MP: 0/0
 16239 | D:9      | Learned a level 5 spell: Manifold Assault
 16337 | D:9      | Reached skill level 1 in Axes
 16384 | D:9      | Found an opulent altar of Gozag.
 16387 | D:9      | Found an opulent altar of Gozag.
 16392 | D:9      | Found an opulent altar of Gozag.
 16548 | D:9      | Found an opulent altar of Gozag.
 16587 | D:9      | Reached skill level 1 in Shields
 16591 | D:9      | Reached skill level 11 in Spellcasting
 17423 | D:9      | Found a hide-covered altar of Uskayaw.
 17508 | D:9      | Found a blossoming altar of Fedhas.
 17578 | D:9      | Identified the +6 quarterstaff of Imbalance {vorpal,
                  | Fragile rC+ rN+ Str+3}
 17780 | Lair:1   | Entered Level 1 of the Lair of Beasts
 17780 | Lair:1   | Noticed an eight-headed hydra
 17789 | Lair:1   | Killed an eight-headed hydra
 17790 | Lair:1   | Reached skill level 5 in Stealth
 18417 | Lair:1   | Reached skill level 12 in Spellcasting
 18418 | Lair:1   | Reached XP level 12. HP: 30/74 MP: 0/0
 19143 | Lair:1   | Noticed a five-headed hydra
 19151 | Lair:1   | Killed a five-headed hydra
 19675 | Lair:1   | Noticed a seven-headed hydra
 19724 | Lair:1   | Killed a seven-headed hydra
 20591 | Lair:2   | Noticed Amaemon
 20600 | Lair:2   | Killed Amaemon
 20783 | Lair:2   | Reached skill level 13 in Spellcasting
 21478 | Lair:3   | Reached skill level 5 in Armour
 21540 | Lair:3   | Noticed a death yak
 21544 | Lair:3   | Noticed a death yak
 21546 | Lair:3   | Noticed a death yak
 21549 | Lair:3   | Killed a death yak
 21550 | Lair:3   | Reached skill level 5 in Shields
 21550 | Lair:3   | Reached XP level 13. HP: 65/80 MP: 0/0
 21550 | Lair:3   | Learned a level 5 spell: Freezing Cloud
 21668 | Lair:3   | Found a staircase to the Swamp.
 22277 | Lair:3   | Reached skill level 5 in Dodging
 22301 | Lair:3   | Found a staircase to the Snake Pit.
 23315 | Lair:4   | Reached skill level 14 in Spellcasting
 23839 | Lair:5   | Entered Level 5 of the Lair of Beasts
 23901 | Lair:5   | Found a viscous altar of Jiyva.
 23901 | Lair:5   | Found a staircase to the Slime Pits.
 23956 | Lair:5   | Noticed a four-headed hydra
 23960 | Lair:5   | Killed a four-headed hydra
 24154 | Lair:5   | Reached XP level 14. HP: 50/85 MP: 0/0
 24302 | Lair:5   | Became a worshipper of Jiyva Jiciaguf the Shapeless
 24681 | Lair:5   | Reached skill level 15 in Spellcasting
 25907 | Lair:5   | Reached XP level 15. HP: 68/90 MP: 0/0
 25907 | Lair:5   | Learned a level 6 spell: Eringya's Noxious Bog
 26083 | Lair:5   | Found a runed translucent door.
 26315 | Lair:5   | Reached * piety under Jiyva
 26484 | Lair:5   | Reached skill level 16 in Spellcasting
 26922 | Slime:1  | Entered Level 1 of the Pits of Slime
 26923 | Slime:1  | Noticed a rockslime
 27127 | D:10     | Entered Level 10 of the Dungeon
 27277 | D:10     | Found a staircase to the Orcish Mines.
 28083 | D:10     | Reached ** piety under Jiyva
 28131 | D:10     | Found a basalt altar of Yredelemnul.
 28575 | D:11     | Found a sacrificial altar of Ru.
 28794 | D:11     | Was placed under penance by Jiyva
 28916 | D:11     | Was forgiven by Jiyva
 29317 | D:11     | Reached *** piety under Jiyva
 29414 | D:11     | Gained mutation: You are agile. (Dex +4, Str/Int -1)
                  | [Jiyva's grace]
 29414 | D:11     | Gained mutation: You are very agile. (Dex +8, Str/Int -2)
                  | [Jiyva's grace]
 29414 | D:11     | Gained mutation: Your mind is acute. (Int +4, Str/Dex -1)
                  | [Jiyva's grace]
 29414 | D:11     | Gained mutation: Your mind is very acute. (Int +8, Str/Dex
                  | -2) [Jiyva's grace]
 29540 | D:12     | Noticed Nergalle
 29556 | D:12     | Killed Nergalle
 29704 | D:12     | Noticed Lodul
 29709 | D:12     | Killed from afar by Lodul

Illustrated notes

Levels and vault maps discovered:
D:1:      lightli_arrival_lavapool, layout_basic,
          chequers_ecumenical_altar_simple, st_stairs_4,
          hangedman_abyss_or_decor_lesser_grid
D:2:      layout_rooms, minmay_unequal
D:3:      layout_loops_corners, minivault_25, minmay_misc_feat_tiny,
          uniq_grinder, uniq_jessica
D:4:      layout_basic, serial_shops, kennysheep_mini_moat, serial_undead,
          serial_undead_c, serial_undead_c, serial_undead_c, serial_undead_f,
          serial_undead_e, serial_undead_a
D:5:      layout_cave_pods, minmay_temple_entry_enclosed_plants
D:6:      layout_cave_pools, elyvilon_altar_4, cheibriados_altar_2,
          minmay_splitting_lines
D:7:      layout_loops_cross, uniq_menkaure, uniq_pikel,
          uniq_crazy_yiuf_cottage, uniq_maggie
D:8:      layout_loops_corners, nicolae_overflow_hallway_of_the_gods,
          nicolae_ossuary_entry_giza, nicolae_shop_gadgets
D:9:      layout_small_grid, fedhas_altar_fruit_tree, lemuel_round_altar,
          nicolae_gozag_conspicuous_consumption, lair_entry_dummy,
          hangedman_decor_riveting
D:10:     wander_river, layout_basic, kennysheep_mini,
          minmay_orc_entry_guard_dogs, dreamdust_mushroom_princess
D:11:     cheibrodos_barr_body, layout_long_grid, nicolae_ru_awakened_eye
D:12:     layout_basic, serial_shops, shop, hellmonk_guarded_unrand_lears,
          uniq_nergalle, uniq_lodul
Temple:   bh_familiar_temple
Lair:1:   layout_gridlike, st_stairs_11
Lair:2:   layout_big_grid, chequers_serial_rivers_micro_b, uniq_amaemon
Lair:3:   layout_cave_pods, swamp_mist_pool, dummy_snake_entry,
          beast_lair_carwin_5, grunt_megastairs_1
Lair:4:   layout_regular_city
Lair:5:   wormcave, layout_regular_city, hangedman_lair_caniforms_friends,
          nicolae_slime_entry_slimehenge, guppyfry_lair_drakes,
          infiniplex_staircase_pool
Slime:1:  cheibrodos_slime_lost_civilization_9, layout_caves

Skill      XL: |  1  2  3  4  5  6  7  8  9 10 11 12 13 14 15 |
---------------+----------------------------------------------+-----
Spellcasting   | 3 4 5 6 7 9 10 12 13 14 15 16 | 16.4
Stealth        | 2 3 4 5 6 7 8 9 |  9.3
Dodging        | 3 4 5 |  5.8
Evocations     | 2 |  2.4
Fighting       | 1 2 |  2.6
Armour         | 2 3 4 5 |  5.2
Axes           | 2 |  2.5
Shields        | 2 5 6 8 9 |  9.0
Staves         | |  0.3

Action                   |  1- 3 |  4- 6 |  7- 9 | 10-12 | 13-15 || total
-------------------------+-------+-------+-------+-------+-------++-------
Melee: Quarterstaff      |       |     1 |     1 |       |       ||     2
       War axe           |       |       |       |    42 |    34 ||    76
 Cast: Foxfire           |    69 |    47 |   123 |    91 |   129 ||   459
       Scorch            |     2 |    15 |    19 |    44 |    70 ||   150
       Inner Flame       |       |     4 |    18 |   105 |    72 ||   199
       Poisonous Vapours |       |    19 |    33 |   121 |   152 ||   325
       Summon Ice Beast  |       |       |     5 |    31 |    88 ||   124
       Portal Projectile |       |       |     1 |     1 |       ||     2
       Flame Wave        |       |       |       |     1 |     9 ||    10
       Manifold Assault  |       |       |       |    13 |     4 ||    17
       Freezing Cloud    |       |       |       |       |   144 ||   144
       Eringya's Noxious |       |       |       |       |    10 ||    10
Evoke: Wand              |       |       |    14 |       |     3 ||    17
  Use: Scroll            |       |       |     4 |     7 |     7 ||    18
       Potion            |       |       |       |     1 |     9 ||    10
 Stab: Distracted        |       |       |       |       |     1 ||     1
Armor: Robe              |     3 |       |     1 |       |       ||     4
       Leather armour    |       |       |     1 |       |       ||     1
       Acid dragon scale |       |       |       |    39 |       ||    39
       Troll leather arm |       |       |       |       |    31 ||    31
Dodge: Dodged            |     8 |     7 |    25 |    72 |    62 ||   174
Block: Buckler           |       |       |     1 |    14 |       ||    15
       Kite shield       |       |       |       |    79 |   146 ||   225
       Reflection        |       |       |       |     3 |     2 ||     5
